 Dungeon Crawl Stone Soup version 0.25.0-26-g0c896c7088 (webtiles) character file.

Game seed: 7052134381526527424

196 Exodus22XD the Poker (level 5, -9/39 HPs)
             Began as a Demonspawn Gladiator on July 4, 2020.
             Mangled by an ogre
             ... wielding a +0 giant spiked club
              (16 damage)
             ... on level 4 of the Dungeon.
             The game lasted 00:03:26 (2722 turns).

Exodus22XD the Poker (Demonspawn Gladiator)         Turns: 2722, Time: 00:03:27

Health: -9/39      AC:  7    Str: 16    XL:     5   Next: 45%
Magic:  5/5        EV: 12    Int:  9    God:
Gold:   135        SH:  3    Dex: 14    Spells: 4/4 levels left

rFire    . . .     SeeInvis .   a - +0 trident
rCold    + . .     Gourm    .   e - +0 buckler
rNeg     . . .     Faith    .   p - +2 leather armour {rPois}
rPois    +         Spirit   .   (helmet restricted)
rElec    .         Reflect  .   (no cloak)
rCorr    .         Harm     .   (no gloves)
MR       .....                  (no boots)
Stlth    +.........             (no amulet)
HPRegen  0.13/turn              (no ring)
MPRegen  0.09/turn              (no ring)

@: no status effects
A: antennae 1, slimy green scales 1, cold resistance 1
a: no special abilities


You were on level 4 of the Dungeon.
You were not hungry.

You visited 1 branch of the dungeon, and saw 4 of its levels.

You collected 135 gold pieces.

Inventory:

Hand Weapons
 a - a +0 trident (weapon)
Missiles
 d - 5 throwing nets (quivered)
Armour
 e - a +0 buckler (worn)
 p - a +2 leather armour of poison resistance (worn)
Scrolls
 c - 3 scrolls of remove curse
 i - 3 scrolls of teleportation
 l - a scroll of fear {unknown}
Potions
 h - 2 potions of mutation
 j - 3 potions of curing
 m - a potion of lignification {unknown}
 n - a potion of degeneration {unknown}
Comestibles
 b - 2 chunks of flesh
 f - 8 rations


   Skills:
 + Level 2.5 Fighting
 + Level 4.4 Polearms
 - Level 1.7 Throwing
 + Level 1.4 Armour
 + Level 3.6 Dodging
 + Level 0.4 Shields


You had 4 spell levels left.
You didn't know any spells.
Your spell library was empty.

Dungeon Overview and Level Annotations

Branches:
Dungeon (4/15)
 Temple: D:4-7

Altars:
Cheibriados

Shops:
D:4 (


Innate Abilities, Weirdness & Mutations

You have a pair of small antennae on your head.
You are partially covered in slimy green scales. (AC +2)
Your flesh is cold resistant. (rC+)


Message History

Press: ? - help, Dir - move target cursor, f/p - ogre
Aim: an ogre, wielding a +0 giant spiked club (moderately wounded)
Okay, then.
You hit the ogre.
The ogre is moderately wounded.
The ogre closely misses you.
An ogre is nearby!
Evoke which item? (* to show all) (? for menu, Esc to quit)
Okay, then.
You puncture the ogre!
The ogre is severely wounded.
The ogre hits you with a +0 giant spiked club!
* * * LOW HITPOINT WARNING * * *
Attack whom?
Press: ? - help, Dir - move target cursor, f/p - ogre
Aim: an ogre, wielding a +0 giant spiked club (severely wounded)
You puncture the ogre!
The ogre is almost dead.
The ogre hits you with a +0 giant spiked club!
You die...

.........##
#.....##..##
###..####..##
##)# ##..##
#.# ##..###
### #.##
##...## #.#
#..# ##...#
#.# #..#
##..## ##.#
##..# ###@##
###..## #...#
##O####.....##
##..##
#......###..##
##.###
##...###
##..### #.##
##### ##...##
.## ##...# .#
##..# .# ##.##
.# #..#


You could see an ogre.

Vanquished Creatures
  A hound (D:2)
  An orc priest (D:4)
  A howler monkey skeleton (D:4)
  2 adders
  An adder skeleton (D:4)
  A worm (D:2)
  5 dart slugs
  5 leopard geckos
  6 orcs
  7 giant cockroaches
  9 goblins
  7 hobgoblins
  8 jackals
  A quokka (D:3)
  2 ball pythons (D:1)
  5 bats
  3 frilled lizards
  9 kobolds
  5 rats
79 creatures vanquished.

Notes
Turn   | Place    | Note
-------+----------+-------------------------------------------
     0 | D:1      | Exodus22XD the Demonspawn Gladiator began the quest for the
                  | Orb.
     0 | D:1      | Reached XP level 1. HP: 16/16 MP: 1/1
   224 | D:1      | Gained mutation: You have a pair of small antennae on your
                  | head. [demonic ancestry]
   224 | D:1      | Reached XP level 2. HP: 22/22 MP: 2/2
   286 | D:1      | Reached skill level 3 in Polearms
   504 | D:1      | Gained mutation: You are partially covered in slimy green
                  | scales. (AC +2) [demonic ancestry]
   504 | D:1      | Reached XP level 3. HP: 24/27 MP: 3/3
  1030 | D:2      | Found a snail-covered altar of Cheibriados.
  1089 | D:2      | Found a faded altar of an unknown god.
  1164 | D:2      | Reached XP level 4. HP: 14/34 MP: 4/4
  1408 | D:2      | Reached skill level 1 in Armour
  1754 | D:3      | Reached skill level 4 in Polearms
  2069 | D:3      | Gained mutation: Your flesh is cold resistant. (rC+)
                  | [demonic ancestry]
  2069 | D:3      | Reached XP level 5. HP: 39/39 MP: 5/5
  2300 | D:4      | Found Sititun's Antique Weapon Shop.
  2697 | D:4      | Noticed an ogre
  2722 | D:4      | Mangled by an ogre

Illustrated notes

Levels and vault maps discovered:
D:1:      doesnt_arrival_eight_statues, layout_basic,
          chequers_serial_rivers_small_a
D:2:      layout_rooms, old_standard_altar, chequers_ecumenical_altar_simple
D:3:      layout_rooms
D:4:      layout_layer_cave, serial_shops, nicolae_shop_stone, first_ration,
          serial_bayou_pond_c

Skill      XL: |  1  2  3  4 |
---------------+-------------+-----
Dodging        | 3 |  3.6
Polearms       | 3 4 |  4.4
Armour         | 1 |  1.4
Fighting       | |  2.5
Throwing       | |  1.7
Shields        | |  0.4

Action                   |  1- 3 |  4- 6 || total
-------------------------+-------+-------++-------
Melee: Trident           |   106 |   150 ||   256
  Use: Scroll            |       |     5 ||     5
 Stab: Sleeping          |     2 |       ||     2
  Eat: Chunk             |     1 |     5 ||     6
Armor: Leather armour    |    10 |    10 ||    20
       Ring mail         |     9 |    31 ||    40
Dodge: Dodged            |    33 |    70 ||   103
Block: Buckler           |     8 |    22 ||    30
